 Dungeon Crawl Stone Soup version 0.28.0-43-g3370ac3207 (webtiles) character file.

Game seed: 10103435558164309937

382 crimpus the Cudgeller (level 6, -3/40 HPs)
             Began as a Gargoyle Berserker on Mar 14, 2022.
             Was a Priest of Trog.
             Slain by a gnoll
             ... wielding a +0 spear
              (5 damage)
             ... on level 4 of the Dungeon.
             The game lasted 00:06:18 (4994 turns).

crimpus the Cudgeller (Gargoyle Berserker)          Turns: 4994, Time: 00:06:19

Health: -3/40      AC:  7    Str: 23    XL:     6   Next: 76%
Magic:  6/6        EV: 11    Int:  7    God:    Trog [***...]
Gold:   331        SH:  0    Dex:  9    Spells: 5/5 levels left

rFire   . . .      SeeInvis .   n - +1 whip (holy)
rCold   . . .      Faith    .   (no shield)
rNeg    + . .      Spirit   .   b - +0 animal skin
rPois   ∞          Reflect  .   (no helmet)
rElec   +          Harm     .   (no cloak)
rCorr   .          Rampage  .   (no gloves)
Will    ++...                   h - +0 pair of boots {Fly}
Stlth   +.........              (no amulet)
HPRegen 1.13/turn               (no ring)
MPRegen 0.10/turn               (no ring)

@: strong-willed, on berserk cooldown, flying, regenerating
A: sickness immunity, AC +4, negative energy resistance 1, electricity
resistance, torment resistance 1, petrification resistance
a: Renounce Religion, Berserk, Trog's Hand


You were on level 4 of the Dungeon.
You worshipped Trog.
Trog was most pleased with you.
You visited 1 branch of the dungeon, and saw 4 of its levels.

You collected 331 gold pieces.

Inventory:

Hand Weapons
 n - a +1 whip of holy wrath (weapon)
Armour
 b - a +0 animal skin (worn)
 h - a +0 pair of boots of flying (worn)
Jewellery
 a - an amulet of the acrobat
 l - a ring of resist corrosion
Wands
 p - a wand of paralysis (12)
Scrolls
 c - a scroll of immolation {unknown}
 e - 3 scrolls of enchant armour {unknown}
 f - 4 scrolls of identify {unknown}
 g - a scroll of teleportation {unknown}
 i - a scroll of magic mapping {unknown}
 j - 2 scrolls of enchant weapon {unknown}
 m - a scroll of fear {unknown}
Potions
 d - a potion of mutation {unknown}
 k - a potion of haste {unknown}
 o - 2 potions of lignification {unknown}


   Skills:
 + Level 5.0 Fighting
 + Level 6.3 Maces & Flails
 + Level 2.3 Armour
 - Level 1.6 Dodging


You had 5 spell levels left.
You didn't know any spells.
Your spell library was empty.

Dungeon Overview and Level Annotations

Branches:
Dungeon (4/15)
 Temple: D:4-7

Altars:
Ashenzari
Uskayaw
Vehumet
Yredelemnul

Shops:
D:3 =*?([


Innate Abilities, Weirdness & Mutations

You are immune to sickness and miasma.
Your stone body is resilient. (AC +4)
You are immune to poison.
You resist negative energy. (rN+)
You are resistant to electric shocks. (rElec)
You are resistant to unholy torment.
You are immune to petrification.


Message History

You feel your anger nearly subside.
You are no longer berserk.
You are exhausted.
You feel yourself slow down.
Found a silvery potion.
Your skin crawls.
You feel strong-willed. The gnoll hits you but does no damage.
The gnoll hits you from afar with a +0 spear.
* * * LOW HITPOINT WARNING * * *
The gnoll hits you from afar with a +0 spear.
The gnoll hits you but does no damage. The gnoll hits you with a +0 flail.
* * * LOW HITPOINT WARNING * * *
The gnoll hits you with a +0 flail.
* * * LOW HITPOINT WARNING * * *
The gnoll closely misses you. The gnoll barely misses you.
You feel the effects of Trog's Hand fading.
The gnoll hits you with a +0 flail. The gnoll closely misses you.
Your skin stops crawling.
You feel less strong-willed. The gnoll misses you.
The gnoll closely misses you. The gnoll barely misses you.
You hear the slow rusting of a very distant drain.
The gnoll barely misses you. The gnoll misses you.
The gnoll hits you with a +0 flail!
* * * LOW HITPOINT WARNING * * *
The gnoll closely misses you. The gnoll barely misses you.
The gnoll misses you. The gnoll misses you.
The gnoll hits you from afar with a +0 spear.
* * * LOW HITPOINT WARNING * * *
The gnoll hits you from afar with a +0 spear.
* * * LOW HITPOINT WARNING * * *
Okay, then.
Your skin crawls.
You feel strong-willed.
You feel yourself speed up.
The gnoll hits you from afar with a +0 spear.
You die...

##..# # #..#######
#####.#......# ##
..##..#.....## #.##
.....###....# ##...#
.....# #...##
##....## ....##
##.## ##......#..
....# ###
#.......... ....#
##..@.....# ....#
#........## ...##
##gg......# ...#
#........## #..#
###.......## #..#
####.........#
#..####....###....##
#..##....### ##..##
..........# ####


You could see 2 gnolls.

Vanquished Creatures
  A kobold brigand (D:3)
  A water moccasin skeleton (D:3)
  11 gnolls
  4 adders (D:3)
  2 dart slugs (D:1)
  An orc (D:3)
  9 bats
  8 endoplasms
  2 giant cockroaches
  6 goblins
  6 hobgoblins
  55 kobolds
  3 quokkas
  7 ball pythons
  A frilled lizard (D:1)
  8 rats
125 creatures vanquished.

Notes
Turn   | Place    | Note
-------+----------+-------------------------------------------
     0 | D:1      | crimpus the Gargoyle Berserker began the quest for the Orb.
     0 | D:1      | Reached XP level 1. HP: 14/14 MP: 1/1
    86 | D:1      | Found a faded altar of an unknown god.
   115 | D:1      | Reached XP level 2. HP: 19/19 MP: 2/2
   796 | D:1      | You fall into a shaft and drop 1 floor!
   905 | D:2      | Reached XP level 3. HP: 23/24 MP: 3/3
  1278 | D:1      | Reached ** piety under Trog
  1677 | D:2      | Reached skill level 4 in Maces & Flails
  2041 | D:3      | Found Lelasch's Magic Scroll Shop.
  2057 | D:3      | Found a broken altar of Ashenzari.
  2058 | D:3      | Found a radiant altar of Vehumet.
  2058 | D:3      | Found a hide-covered altar of Uskayaw.
  2058 | D:3      | Found a basalt altar of Yredelemnul.
  2081 | D:3      | Reached XP level 4. HP: 14/29 MP: 4/4
  2550 | D:3      | Found Cehanova's Jewellery Shoppe.
  2569 | D:3      | Found Iceshelomaj's Weapon Boutique.
  2573 | D:3      | Found Guty's General Store.
  2828 | D:3      | Found Tuokino's Antique Armour Emporium.
  2868 | D:3      | Reached XP level 5. HP: 25/33 MP: 5/5
  3107 | D:3      | Reached skill level 5 in Maces & Flails
  3717 | D:3      | Reached XP level 6. HP: 26/39 MP: 6/6
  3718 | D:3      | Reached *** piety under Trog
  4302 | D:3      | Reached skill level 6 in Maces & Flails
  4582 | D:3      | Reached skill level 5 in Fighting
  4993 | D:4      | HP: 1/40 [gnoll/+0 spear (4)]
  4994 | D:4      | Slain by a gnoll

Illustrated notes

Levels and vault maps discovered:
D:1:      eino_arrival_cavern_d, layout_loops_corners,
          ebering_ecumenical_altar_ruins
D:2:      layout_basic
D:3:      minmay_goblin_kobold_castle, layout_loops_ring,
          chequers_temple_overflow_statue_of_worship, serial_shops, shop_statue,
          shop, shop_statue, nicolae_shop_waterfront, nicolae_shop_crystal
D:4:      layout_cave_pods, serial_shops, nicolae_stop_n_shop_1,
          portal_sewer_entry_b

Skill      XL: |  1  2  3  4  5  6 |
---------------+-------------------+-----
Maces & Flails | 4 5 6 |  6.3
Fighting       | 4 5 |  5.0
Armour         | |  2.3
Dodging        | |  1.6

Action                   |  1- 3 |  4- 6 || total
-------------------------+-------+-------++-------
Melee: Mace              |    97 |       ||    97
       Punch             |     4 |     3 ||     7
       Whip              |    42 |   242 ||   284
Invok: Berserk           |       |     7 ||     7
       Trog's Hand       |       |     2 ||     2
 Stab: Sleeping          |     4 |       ||     4
Armor: Animal skin       |    68 |    97 ||   165
Dodge: Dodged            |    77 |   146 ||   223
